 Dungeon Sprint DCSS version 0.28-a0-796-gd4f0d3f9b2 (webtiles) character file.

Game seed: 13550517015037984220

431 Conn the Arsonist (level 6, -8/36 HPs)
             Began as an Octopode Fire Elementalist on Nov 6, 2021.
             Was an Initiate of Sif Muna.
             Mangled by a slime creature (11 damage)
             ... in the Dungeon (Sprint I: "Red Sonja").
             The game lasted 00:02:27 (380 turns).

Conn the Arsonist (Octopode Fire Elementalist)       Turns: 380, Time: 00:02:28

Health: -8/36      AC:  1    Str:  7    XL:     6   Next: 99%
Magic:  5/13       EV: 14    Int: 19    God:    Sif Muna [......]
Gold:   297        SH:  0    Dex: 13    Spells: 2/15 levels left

rFire   . . .      SeeInvis .   (no weapon)
rCold   . . .      Faith    .   (no shield)
rNeg    . . .      Spirit   .   (helmet restricted)
rPois   .          Reflect  .   (no amulet)
rElec   .          Harm     .   (no ring)
rCorr   .          Rampage  .   (no ring)
Will    .....      NoTele   +   (no ring)
Stlth   ++++......              (no ring)
HPRegen 0.12/turn               (no ring)
MPRegen 0.13/turn               (no ring)
                                (no ring)
                                (no ring)

@: no status effects
A: almost no armour, amphibious, 8 rings, camouflage 1, gelatinous body 1,
(nimble swimmer 1), tentacles
a: Renounce Religion


You were in the Dungeon.
You worshipped Sif Muna.
Sif Muna was noncommittal.
You visited 1 branch You collected 297 gold pieces.

Inventory:

Potions
 a - a potion of curing
 b - a potion of heal wounds
 d - 2 potions of magic


   Skills:
 + Level 4.2 Dodging
 + Level 5.2 Stealth
 + Level 5.2 Spellcasting
 * Level 5.2 Conjurations
 + Level 1.0 Hexes
 * Level 11.5 Fire Magic


You had 2 spell levels left.
You knew the following spells:

 Your Spells              Type           Power      Damage    Failure   Level
a - Foxfire               Conj/Fire      100%       2x1d9     1%          1
b - Conjure Flame         Conj/Fire      36%        6-21      1%          3
c - Inner Flame           Hex/Fire       28%        N/A       2%          3
d - Flame Wave            Conj/Fire      36%        3d8       3%          4
e - Scorch                Fire           98%        2d9       1%          2

Your spell library contained the following spells:

 Spells                   Type           Power      Damage    Failure   Level


Dungeon Overview and Level Annotations

Branches:
Dungeon (1/1)

Altars:
Cheibriados
Dithmenos
Elyvilon
Fedhas
Gozag
Hepliaklqana
Kikubaaqudgha
Makhleb
Nemelex Xobeh
Okawaru
Qazlal
Ru
Sif Muna
Trog
Uskayaw
Vehumet
Wu Jian
Xom
Yredelemnul
Zin
The Shining One
Jiyva
Lugonu

Shops:
D [


Innate Abilities, Weirdness & Mutations

You cannot wear most types of armour.
You are amphibious.
You can wear up to eight rings at the same time.
Your skin changes colour to match your surroundings (Stealth+).
Your rubbery body absorbs attacks. (AC +1, EV +1)
((You are camouflaged near water. (Stealth+)))
You have tentacles for arms and can constrict up to eight enemies at once.


Message History

Found a sparkling altar of Nemelex Xobeh.
There is an entrance to Taaschoo's Armour Emporium here.
There is an open door here.
You see here a +1 pair of boots.
You see here a +0 robe.
There is an open door here.
You open the door.
A slime creature comes into view.
The slime creature quivers.
Found four altars.
Casting: Foxfire (safe; 1% risk of failure)
Confirm with . or Enter, or press ? or * to list all spells.
Flames lash the slime creature.
The slime creature is lightly wounded.
The slime creature's fire resistance burns away.
Casting: Scorch (safe; 1% risk of failure)
Confirm with . or Enter, or press ? or * to list all spells.
The spell is quite dangerous to cast (3% risk of failure)!
Continue anyway?
Casting: Flame Wave (quite dangerous; 3% risk of failure)
Press: ? - help, Dir - look around, f - activate A wave of flame ripples out!
The flame wave engulfs the slime creature!
The slime creature is burned terribly!
The slime creature is moderately wounded. (Press . to intensify the flame waves.)
The slime creature hits you!!
Ouch! That really hurt!
A wave of flame ripples out!
The flame wave engulfs the slime creature!!
The slime creature is burned terribly!
The slime creature is severely wounded.
The slime creature hits you!
* * * LOW HITPOINT WARNING * * *
Unknown command.
A wave of flame ripples out!
The flame wave engulfs the slime creature!
The slime creature is burned terribly!
The slime creature is almost dead.
You finish channelling waves of flame.
The slime creature hits you!
You die...

################ ##
#<.#.)'..#..'..#__#
#.)'..#..)..#.@J..+
#..#####'#####'#__#
#..####..#...#[# ##
#..#__####..##[#
#..#_____##'#_.+
#⌠⌠#_.∩...'..._#
####_..__##_.#'#
#_____###+#(#
####### ###


You could see a slime creature (combustible).

Vanquished Creatures
  Sigmund (D)
  A yak (D)
  An ogre (D)
  A jelly (D)
  Ijyb (D)
5 creatures vanquished.

Vanquished Creatures (others)
  17 foxfires (D)
17 creatures vanquished.

Grand Total: 22 creatures vanquished

Notes
Turn   | Place    | Note
-------+----------+-------------------------------------------
     0 | D        | Conn the Octopode Fire Elementalist began the quest for the
                  | Orb.
     0 | D        | Reached XP level 1. HP: 11/11 MP: 3/3
     1 | D        | Noticed Ijyb
    10 | D        | Killed Ijyb
    11 | D        | Reached skill level 5 in Fire Magic
    11 | D        | Reached XP level 2. HP: 17/17 MP: 3/5
    12 | D        | Noticed an ogre
    29 | D        | Killed an ogre
    30 | D        | Reached skill level 7 in Fire Magic
    30 | D        | Reached XP level 3. HP: 18/21 MP: 0/7
    30 | D        | Reached XP level 4. HP: 24/27 MP: 0/9
    49 | D        | Learned a level 3 spell: Conjure Flame
    53 | D        | Learned a level 3 spell: Inner Flame
   114 | D        | Noticed Sigmund
   119 | D        | Killed Sigmund
   120 | D        | Reached skill level 10 in Fire Magic
   120 | D        | Reached XP level 5. HP: 31/31 MP: 5/11
   120 | D        | Reached XP level 6. HP: 36/36 MP: 5/12
   175 | D        | Learned a level 4 spell: Flame Wave
   178 | D        | Learned a level 2 spell: Scorch
   188 | D        | Found an ornate altar of the Wu Jian Council.
   188 | D        | Found a shimmering blue altar of Sif Muna.
   190 | D        | Found a radiant altar of Vehumet.
   204 | D        | Became a worshipper of Sif Muna the Loreminder
   225 | D        | Found Taaschoo's Armour Emporium.
   225 | D        | Found an ancient bone altar of Kikubaaqudgha.
   225 | D        | Found a hazy altar of Hepliaklqana.
   225 | D        | Found a stormy altar of Qazlal.
   225 | D        | Found a hide-covered altar of Uskayaw.
   225 | D        | Found a blossoming altar of Fedhas.
   225 | D        | Found a bloodstained altar of Trog.
   225 | D        | Found an iron altar of Okawaru.
   225 | D        | Found a basalt altar of Yredelemnul.
   225 | D        | Found a glowing golden altar of the Shining One.
   225 | D        | Found a snail-covered altar of Cheibriados.
   225 | D        | Found a sacrificial altar of Ru.
   225 | D        | Found a glowing silver altar of Zin.
   225 | D        | Found a shadowy altar of Dithmenos.
   225 | D        | Found a white marble altar of Elyvilon.
   225 | D        | Noticed a yak
   230 | D        | Killed a yak
   231 | D        | Reached skill level 5 in Stealth
   231 | D        | Reached skill level 5 in Spellcasting
   231 | D        | Reached skill level 5 in Conjurations
   231 | D        | Reached skill level 1 in Hexes
   231 | D        | Reached skill level 11 in Fire Magic
   359 | D        | Found an opulent altar of Gozag.
   360 | D        | Found a sparkling altar of Nemelex Xobeh.
   376 | D        | Found a burning altar of Makhleb.
   376 | D        | Found a viscous altar of Jiyva.
   376 | D        | Found a shimmering altar of Xom.
   376 | D        | Found a corrupted altar of Lugonu.
   376 | D        | Noticed a slime creature
   380 | D        | Mangled by a slime creature

Illustrated notes

Levels and vault maps discovered:
D:        dungeon_sprint_1 [red_sonja_temple_1, red_sonja_temple_small_1]

Skill      XL: |  1  2  3  4  5  6 |
---------------+-------------------+-----
Stealth        | 3 4 5 |  5.2
Conjurations   | 2 3 4 5 |  5.2
Fire Magic     | 5 7 10 11 | 11.5
Dodging        | 3 4 |  4.2
Spellcasting   | 3 4 5 |  5.2
Hexes          | 1 |  1.0

Action                   |  1- 3 |  4- 6 || total
-------------------------+-------+-------++-------
Melee: Unarmed           |     7 |     1 ||     8
       Constrict         |     1 |       ||     1
       Tentacles         |     1 |       ||     1
 Cast: Foxfire           |     4 |     5 ||     9
       Inner Flame       |       |     2 ||     2
       Scorch            |       |     1 ||     1
       Flame Wave        |       |     1 ||     1
  Use: Potion            |     2 |       ||     2
       Scroll            |     1 |       ||     1
Dodge: Dodged            |     4 |     3 ||     7

Table legend: (Time is in decaauts)
 A = Elapsed time spent in this place.
 B = Non-inter-level travel time spent in this place.
 C = Inter-level travel time spent in this place.
 D = Time resting spent in this place.
 E = Time spent auto-exploring this place.
 F = Levels seen in this place.
 G = Mean time per level.
                   A        B        C        D        E       F      G
               +--------+--------+--------+--------+--------+-----+--------+
         Total |    370 |    370 |      0 |    222 |      0 |   1 |  370.0 |
       Dungeon |    370 |    370 |      0 |    222 |      0 |   1 |  370.0 |
               +--------+--------+--------+--------+--------+-----+--------+

Top non-repeatable levels by time:
       D: 370 daAuts
